 Dungeon Crawl Stone Soup version 0.31.0-11-ge490571c62 (webtiles) character file.

Game seed: 13892539147931666338

368 solopath the Trooper (level 6, -2/100 HPs)
             Began as an Oni Berserker on Jan 29, 2024.
             Was a Believer of Trog.
             Slain by a scorpion (3 damage)
             ... on level 4 of the Dungeon.
             The game lasted 00:01:53 (2479 turns).

solopath the Trooper (Oni Berserker)                Turns: 2479, Time: 00:01:54

Health: -2/100     AC:  5    Str: 24    XL:     6   Next: 69%
Magic:  6/6        EV: 10    Int:  8    God:    Trog [**....]
Gold:   195        SH:  0    Dex:  8    Spells: 5/5 levels left

rFire   . . .        n - +10 hammer "Boeg" {holy, rN+ rCorr}
rCold   . . .        (no shield)
rNeg    + . .        b - +0 animal skin
rPois   .            (helmet restricted)
rElec   .            p - +1 cloak
rCorr   +            (gloves unavailable)
SInv    .            (boots unavailable)
Will    .....        (no amulet) Stlth
                     (no ring)
HPRegen 0.36/turn    (no ring)
MPRegen 0.10/turn

%: no passive effects
@: berserking, lethally poisoned (-2 -> -16), very quick
A: large, unfitting armour, horns 1, tough skin 1, double potion healing,
drunken brawling
a: Renounce Religion, Berserk, Trog's Hand


You were on level 4 of the Dungeon.
You worshipped Trog.
Trog was pleased with you.
You visited 1 branch of the dungeon, and saw 4 of its levels.

You collected 195 gold pieces.

Inventory:

Hand Weapons
 a - a +0 mace
 n - the +10 hammer "Boeg" (weapon) {holy, rN+ rCorr}
   (You found it on level 2 of the Dungeon)

   rN+:       It protects you from negative energy.
   rCorr:     It protects you from acid and corrosion.
Missiles
 i - 6 javelins (quivered)
Armour
 b - a +0 animal skin (worn)
 p - a +1 cloak (worn)
Jewellery
 g - a ring of see invisible
Wands
 o - a wand of flame (19)
Scrolls
 f - 2 scrolls of blinking {unknown}
 j - a scroll of amnesia {unknown}
 k - a scroll of fog {unknown}
 m - a scroll of fear {unknown}
 r - a scroll of enchant weapon {unknown}
Potions
 c - 2 potions of curing {unknown}
 d - a potion of haste {unknown}
 e - a potion of attraction {unknown}
 h - 2 potions of invisibility {unknown}
 l - a potion of heal wounds {unknown}
 q - a potion of lignification {unknown}


   Skills:
 + Level 6.1 Fighting
 * Level 5.8 Maces & Flails
 + Level 2.1 Throwing
 - Level 2.6 Dodging


You had 5 spell levels left.
You didn't know any spells.
Your spell library was empty.

Dungeon Overview and Level Annotations

Branches:
Dungeon (4/15)
 Temple: D:4-7

Altars:

Annotations:
D:4 Blork the orc


Innate Abilities, Weirdness & Mutations

You are too large for most types of armour.
You have a pair of small horns on your head.
You have tough skin. (AC +1)
You gain doubled healing and magic from potions.
Whenever you drink a healing potion, you attack all around you.


Message History

Blork the orc hits you with a +0 war axe!
You are too injured to fight recklessly!
You are too injured to fight recklessly!
You are too injured to fight recklessly!
You are too injured to fight recklessly!
You are too injured to fight recklessly!
You are too injured to fight recklessly!
You are too injured to fight recklessly!
You are too injured to fight recklessly!
You are too injured to fight recklessly!
You are too injured to fight recklessly!
You are too injured to fight recklessly!
You are too injured to fight recklessly!
You are too injured to fight recklessly!
You hit Blork the orc.
Blork the orc is almost dead.
The scorpion stings you!
You are poisoned.
The scorpion poisons you!
Blork the orc hits you with a +0 war axe!
* * * LOW HITPOINT WARNING * * *
The scorpion stings you.
* * * LOW HITPOINT WARNING * * *
You are more poisoned.
The scorpion poisons you!
A red film seems to cover your vision as you go berserk!
You feel yourself moving faster!
You feel mighty!
* * * LOW HITPOINT WARNING * * *
You feel very sick.
Blork the orc hits you with a +0 war axe.
* * * LOW HITPOINT WARNING * * *
The scorpion stings you.
* * * LOW HITPOINT WARNING * * *
You closely miss Blork the orc. Your headbutt misses Blork the orc.
Blork the orc is almost dead.
* * * LOW HITPOINT WARNING * * *
You feel very sick.
Blork the orc mumbles some strange words.
Blork the orc seems to speed up.
The scorpion stings you.
You die...

#########
#.......#
#.......#
####.......#
...........#
...........#
.......o...#
......s@...#
...........## .[
............##....
.................#
##########.#......
#<# .##.# ### ..
.. .#


You could see Blork the orc (fast) and a scorpion.

Vanquished Creatures
  Grinder (D:3)
  Crazy Yiuf (D:2)
  2 orc priests
  A gnoll (D:1)
  An adder (D:2)
  2 dart slugs (D:1)
  2 ribbon worms (D:2)
  5 orcs
  A bat (D:1)
  5 endoplasms
  5 giant cockroaches
  8 hobgoblins
  A quokka (D:3)
  2 ball pythons
  5 frilled lizards
  6 goblins
  3 kobolds (D:1)
  4 rats
55 creatures vanquished.

Notes
Turn   | Place    | Note
-------+----------+-------------------------------------------
     0 | D:1      | solopath the Oni Berserker began the quest for the Orb.
     0 | D:1      | Reached XP level 1. HP: 24/24 MP: 1/1
    83 | D:1      | Reached XP level 2. HP: 26/32 MP: 2/2
   439 | D:1      | Reached XP level 3. HP: 40/40 MP: 3/3
   881 | D:2      | Reached ** piety under Trog
   917 | D:2      | Reached XP level 4. HP: 44/49 MP: 4/4
  1140 | D:2      | Reached skill level 5 in Fighting
  1507 | D:2      | Found a runed translucent door.
  1508 | D:2      | Noticed Crazy Yiuf
  1510 | D:2      | Identified the +10 hammer "Boeg" {holy, rN+ rCorr}
  1515 | D:2      | Killed Crazy Yiuf
  1516 | D:2      | Reached XP level 5. HP: 57/57 MP: 5/5
  1894 | D:3      | Noticed Grinder
  1901 | D:3      | Killed Grinder
  1902 | D:3      | Reached skill level 6 in Fighting
  1902 | D:3      | Reached skill level 5 in Maces & Flails
  1902 | D:3      | Reached XP level 6. HP: 49/67 MP: 6/6
  2404 | D:3      | Found the +7 staff of the Meek {protect, meekguard}
  2468 | D:4      | Noticed Blork the orc
  2478 | D:4      | HP: 3/100 [scorpion (3)]
  2479 | D:4      | HP: 1/100 [poisoned by a scorpion]
  2479 | D:4      | Slain by a scorpion

Illustrated notes

Levels and vault maps discovered:
D:1:      amcnicky_arrival_single_pillar, layout_basic, minmay_misc_feat_alley
D:2:      cheibrodos_pilgrimage, layout_loops_corners, uniq_crazy_yiuf_cottage
D:3:      layout_basic, pf_guarded_unrand_meek, uniq_grinder
D:4:      layout_basic, minmay_temple_entry_enclosed_plants, serial_shops, shop,
          uniq_sigmund, uniq_blork_the_orc, uniq_eustachio, uniq_ijyb,
          uniq_menkaure

Skill      XL: |  1  2  3  4  5 |
---------------+----------------+-----
Maces & Flails | 4 5 |  5.8
Fighting       | 5 6 |  6.1
Throwing       | 2 |  2.1
Dodging        | |  2.6

Action                     |  1- 3 |  4- 6 || total
---------------------------+-------+-------++-------
  Melee: Mace              |    79 |    74 ||   153
         Headbutt          |    12 |     8 ||    20
 Invoke: Berserk           |       |     2 ||     2
   Stab: Sleeping          |     1 |       ||     1
 Armour: Animal skin       |    45 |    48 ||    93
  Dodge: Dodged            |    38 |    29 ||    67
